 Dungeon Crawl Stone Soup version 0.21-a0-39-g28ea6b7 (webtiles) character file.

28714 faint the Spear-Bearer (level 13, -8/88 HPs)
             Began as a Mummy Skald on May 31, 2017.
             Was an Elder of Hepliaklqana.
             Killed from afar by sponge's ghost (44 damage)
             ... with a stone arrow
             ... on level 2 of the Lair of Beasts.
             The game lasted 04:26:16 (27060 turns).

faint the Spear-Bearer (Mummy Skald)               Turns: 27060, Time: 04:26:17

Health: -8/88      AC: 11    Str: 18    XL:     13   Next: 11%
Magic:  27/27      EV: 16    Int: 15    God:    Hepliaklqana [****..]
Gold:   769        SH:  2    Dex: 14    Spells: 11/32 levels left

rFire    . . .     SeeInvis .   T - +0 trident of Torreew {distort, MR+} (curse)
rCold    + + .     Gourm    .   (no shield)
rNeg     + + +     Faith    .   K - +2 ring mail {rF+}
rPois    ∞         Spirit   .   n - +0 helmet
rElec    .         Reflect  +   L - +0 cloak {rC+}
rCorr    .         Harm     .   R - +0 pair of gloves
MR       ++...                  (no boots)
Stlth    ++........             V - +2 amulet of reflection
Regen    0.3/turn               I - +4 ring of strength
MPRegen  0.2/turn               z - ring of flight

@: no status effects
A: no food or potions, fire vulnerability, reduced essence, cold resistance 1,
negative energy resistance 3, torment resistance, unbreathing, in touch with
death 1
a: Recall Ancestor, Ancestor Identity, Transference, Idealise, Renounce
Religion, Evoke Flight


You were on level 2 of the Lair of Beasts.
You worshipped Hepliaklqana.
Hepliaklqana was greatly pleased with you.
You were not hungry.

You visited 3 branches of the dungeon, and saw 15 of its levels.
You also visited: Ice Cave.

You collected 836 gold pieces.
You spent 67 gold pieces at shops.

Inventory:

Hand Weapons
 a - a +0 spear
 e - a +2 spear of freezing
 j - a +3 trident
 w - a +2 glaive of freezing
 G - a +3 halberd
 J - a +1 trident of protection
 M - a +3 halberd of freezing
 N - the +9 great sword of the Disturbing Princes {slice, -Tele +Inv rN+++ Int+5}
   (You found it in an ice cave)

   It inflicts extra damage upon your enemies.
   It affects your intelligence (+5).
   It renders you almost immune to negative energy.
   It lets you turn invisible.
   It prevents most forms of teleportation.
 T - the cursed +0 trident of Torreew (weapon) {distort, MR+}
   (You found it on level 2 of the Lair of Beasts)

   It warps and distorts space around it.
   Unwielding it can cause banishment or high damage.
   It affects your resistance to hostile enchantments.
   It has a curse placed upon it.
Missiles
 d - 551 stones (quivered)
 f - a throwing net
Armour
 i - a +0 large shield
 n - a +0 helmet (worn)
 r - a +1 robe of magic resistance
 s - a +0 robe of resistance {from wraith}
 y - a +3 leather armour
 K - a +2 ring mail of fire resistance (worn)
 L - a +0 cloak of cold resistance (worn)
 O - a +0 scale mail of cold resistance
 R - a +0 pair of gloves (worn)
 U - a +0 scale mail of fire resistance
Magical Staves
 S - an uncursed staff of air {unknown}
Jewellery
 z - a ring of flight (right hand)
 I - a +4 ring of strength (left hand)
 V - a +2 amulet of reflection (around neck)
Wands
 p - a wand of scattershot (2/9)
 u - a wand of iceblast (11/15)
 x - a wand of enslavement (7/24)
 A - a wand of iceblast (9/15)
 B - a wand of digging (4/24)
 C - a wand of scattershot (6/9)
 D - a wand of digging (14/24)
 H - a wand of enslavement (0/24)
 P - a wand of lightning (13/15)
 Q - a wand of confusion (35/48)
 X - a wand of polymorph (11/24)
Scrolls
 g - 3 scrolls of amnesia
 h - 4 scrolls of remove curse
 k - 3 scrolls of recharging
 l - 2 scrolls of immolation
 m - 4 scrolls of teleportation
 q - 2 scrolls of enchant armour
 t - 2 scrolls of enchant weapon
 v - 2 scrolls of blinking
 W - a scroll of identify
Books
 c - a book of Battle

   Spells                             Type                      Level
   a - Infusion                       Charms                       1
   b - Shroud of Golubria             Charms/Translocation         2
   c - Song of Slaying                Charms                       2
   d - Spectral Weapon                Hexes/Charms                 3
   e - Regeneration                   Charms/Necromancy            3
 o - a book of Minor Magic

   Spells                             Type                      Level
   a - Magic Dart                     Conjuration                  1
   b - Blink                          Translocation                2
   c - Call Imp                       Summoning                    2
   d - Slow                           Hexes                        2
   e - Conjure Flame                  Conjuration/Fire             3
   f - Mephitic Cloud                 Conjuration/Poison/Air       3
 E - a book of Air

   Spells                             Type                      Level
   a - Shock                          Conjuration/Air              1
   b - Swiftness                      Charms/Air                   2
   c - Static Discharge               Conjuration/Air              3
   d - Airstrike                      Air                          4
   e - Lightning Bolt                 Conjuration/Air              5
 F - a book of Cantrips

   Spells                             Type                      Level
   a - Confusing Touch                Hexes                        1
   b - Animate Skeleton               Necromancy                   1
   c - Summon Small Mammal            Summoning                    1
   d - Apportation                    Translocation                1
 Y - a book of Maledictions

   Spells                             Type                      Level
   a - Corona                         Hexes                        1
   b - Ensorcelled Hibernation        Hexes/Ice                    2
   c - Confuse                        Hexes                        3
   d - Tukima's Dance                 Hexes                        3
   e - Dazzling Spray                 Conjuration/Hexes            3
Miscellaneous
 b - a phial of floods


   Skills:
 - Level 8.2 Fighting
 - Level 12.0 Polearms
 - Level 3.0 Armour
 - Level 9.0 Dodging
 - Level 3.0 Stealth
 - Level 10.0 Spellcasting
 - Level 2.2 Conjurations
 - Level 1.0 Hexes
 - Level 4.0 Charms
 - Level 1.2 Translocations
 * Level 3.5 Invocations


You had 11 spell levels left.
You knew the following spells:

 Your Spells              Type           Power        Failure   Level  Hunger
a - Infusion              Chrm           ###.         3%          1    N/A
b - Conjure Flame         Conj/Fire      ##......     32%         3    N/A
c - Song of Slaying       Chrm           ###.....     4%          2    N/A
d - Shock                 Conj/Air       ##..         11%         1    N/A
e - Magic Dart            Conj           ##..         7%          1    N/A
f - Mephitic Cloud        Conj/Pois/Air  #.......     36%         3    N/A
C - Animate Skeleton      Necr           N/A          17%         1    N/A
G - Swiftness             Chrm/Air       ##......     11%         2    N/A
J - Shroud of Golubria    Chrm/Tloc      ###.......   9%          2    N/A
L - Spectral Weapon       Hex/Chrm       ###.....     19%         3    N/A
O - Blink                 Tloc           N/A          16%         2    N/A

Dungeon Overview and Level Annotations

Branches:
Dungeon (12/15)            Temple (0/1) D:4            Lair (2/6) D:9
  Snake (0/4) Lair:2          Orc (1/2) D:10
  Swamp: Lair:2-4    Shoals: Lair:2-4

Altars:
Ashenzari
Cheibriados
Dithmenos
Gozag
Hepliaklqana
Nemelex Xobeh
Okawaru
Ru
Sif Muna
Uskayaw
The Shining One

Shops:
D:11 [

Annotations:
D:1 exclusion: downstairs
D:2 adder\, 2 transporters, exclusion: downstairs
D:3 . electrocution handaxe orc\, 1 transporter
D:6 exclusion: 2 downstairs
D:7 two headed ogre\, exclusion: 3 downstairs
D:8 !fighter ghost, minicreteconcrete's ghost, novice GrFi
D:10 exclusion: hexer
D:12 !unseen horror, Kirke
Lair:1 exclusion: downstairs
Lair:2 !earth elementalist ghost. !hydra 8hs. !hydra 6hs, sponge's ghost, journeyman TrEE
Orc:1 !entrance surrounded, Urug, Urug


Innate Abilities, Weirdness & Mutations

You do not eat or drink.
Your flesh is vulnerable to fire.
You are immune to poison.
Your flesh is cold resistant. (rC+)
You are immune to negative energy. (rN+++)
You are immune to unholy pain and torment.
You can survive without breathing.
You are in touch with the powers of death.
Your life essence is reduced. (-10% HP)


Message History

Follow me!
Sponge's ghost casts a spell at you.
The stone arrow hits Cihuaton.
What are your orders? t - Shout!
Orders for allies: a - Attack new target. r - Retreat! s - Stop attacking. g - Guard the area. f - Follow me.
Anything else - Cancel.
Follow me!
Sponge's ghost points at you and mumbles some strange words.
The stone arrow hits Cihuaton.
Cihuaton is destroyed!
Sponge's ghost hits you!! Sponge's ghost hits you!!
* * * LOW HITPOINT WARNING * * *
Sponge's ghost casts a spell at you. The stone arrow hits you!
Ouch! That really hurt!
You die...

.PP.................##.#...###...
.PPP....#...........#####....#.≈≈
.PPP..###............ #......≈≈
P♣♣P..##P...........# ####.≈≈≈≈
♣PP..####...........# #..≈≈≈≈
PP...###P.#..W.#..### ##.≈≈≈≈
...............♣.♣.# #≈≈≈≈≈
#.....#..###.R.♣.♣.### # #.≈≈≈.
#.......#.P....♣@♣.#.##.# #.≈≈≈≈
##.............♣.♣.....# ##.≈≈≈≈
......####.#...♣W♣....P# ##...≈≈≈
......# ####.♣♣.♣....# ##.###...
....P## ##....%....###.###....
....## #..#.....####.###.#.##
#...# ###..#.#######.## ######
##.## #......######.## ###
##.....#...#.##


You could see sponge's ghost.

Vanquished Creatures
  The ghost of Borgoz the Cleaver, a journeyman HOFi of Makhleb (IceCv)
  2 hydras
  5 two-headed ogres
  An ugly thing (D:11)
  A black mamba (Lair:2)
  2 ice statues (IceCv)
  2 spiny frogs (Lair:2)
  A rime drake (Lair:2)
  4 trolls
  Prince Ribbit (D:7)
  12 polar bears
  5 hippogriffs
  Grinder (D:4)
  4 blink frogs (Lair:1)
  2 shadows
  15 yaks
  Eustachio (D:4)
  7 hogs
  6 nagas (Lair:2)
  2 water moccasins (Lair:1)
  4 porcupines (Lair:1)
  4 sky beasts
  2 orc warriors
  3 phantoms
  An eye of draining (D:10)
  An ice beast (D:5)
  2 necrophages
  An ogre (D:9)
  12 wolves
  A centaur (D:7)
  A crocodile (Lair:1)
  2 big kobolds
  12 bullfrogs
  5 scorpions
  8 wights
  14 killer bees
  4 electric eels
  3 howler monkeys
  11 crimson imps
  2 centaur zombies
  11 hounds
  3 bullfrog zombies
  6 orc priests
  6 jellies
  6 orc wizards
  A bullfrog skeleton (D:10)
  3 iguanas
  13 worker ants
  Natasha (thrice) (D:3)
  A hexer (D:8)
  A worker ant zombie (D:10)
  10 adders
  3 shadow imps
  2 oozes
  An adder zombie (D:6)
  2 worms
  6 dart slugs
  7 leopard geckos
  34 orcs
  7 giant cockroaches
  8 goblins
  5 hobgoblins
  3 jackals (D:8)
  4 quokkas
  11 bats
  8 frilled lizards
  19 kobolds
  A leopard gecko zombie (D:7)
  A quokka zombie (D:7)
  8 rats
  A plant (Lair:2)
363 creatures vanquished.

Vanquished Creatures (collateral kills)
  Erica (D:8)
  A troll (D:11)
  3 polar bears (IceCv)
  A hippogriff (Lair:1)
  3 yaks
  Grum (D:9)
  A water moccasin (Lair:1)
  A porcupine (Lair:1)
  An eye of draining (D:9)
  2 sky beasts
  A necrophage (D:11)
  3 wolves (IceCv)
  Blork the orc (D:4)
  2 bullfrogs
  3 killer bees
  A wight (D:8)
  3 electric eels (Lair:1)
  A crimson imp (D:7)
  3 hounds
  An orc priest (D:4)
  3 orc wizards (D:7)
  A worker ant (D:10)
  An adder (D:2)
  2 dart slugs
  11 orcs
  A kobold (D:7)
  2 quokkas
  3 plants
58 creatures vanquished.

Vanquished Creatures (others)
  A two-headed ogre (D:10)
  A queen bee (D:12)
  A polar bear (Lair:2)
  A hornet (D:12)
  A naga (Lair:2)
  An orc warrior (D:8)
  A sky beast (D:10)
  A wyvern zombie (D:10)
  A killer bee (D:12)
  36 hexers
  4 ancestors
  A goblin (D:3)
  3 bushes (Lair:2)
  3 fungi
  20 plants
  25 spectral weapons
101 creatures vanquished.

Grand Total: 522 creatures vanquished

Notes
Turn   | Place    | Note
-------+----------+-------------------------------------------
     0 | D:1      | faint the Mummy Skald began the quest for the Orb.
     0 | D:1      | Reached XP level 1. HP: 16/16 MP: 4/4
    80 | D:1      | Reached skill level 2 in Polearms
    80 | D:1      | Reached XP level 2. HP: 19/22 MP: 0/5
   192 | D:1      | Learned a level 2 spell: Shroud of Golubria
   514 | D:1      | Reached XP level 3. HP: 22/27 MP: 2/7
  1297 | D:2      | Found a glowing golden altar of the Shining One.
  1353 | D:2      | Reached skill level 3 in Polearms
  1498 | D:2      | Found a transporter.
  1500 | D:2      | Found a transporter.
  1513 | D:2      | Found a hide-covered altar of Uskayaw.
  1515 | D:2      | Found a shadowy altar of Dithmenos.
  1516 | D:2      | Found a hazy altar of Hepliaklqana.
  1873 | D:2      | Found a sacrificial altar of Ru.
  2229 | D:3      | Reached XP level 4. HP: 33/33 MP: 3/8
  2274 | D:3      | Noticed Natasha
  2287 | D:3      | Killed Natasha
  2486 | D:3      | Found a sparkling altar of Nemelex Xobeh.
  2620 | D:3      | Found a transporter.
  2648 | D:3      | Learned a level 3 spell: Spectral Weapon
  2811 | D:3      | Noticed Natasha
  2830 | D:3      | Killed Natasha
  2830 | D:3      | Reached skill level 4 in Polearms
  2945 | D:3      | Noticed Natasha
  2955 | D:3      | Killed Natasha
  2955 | D:3      | Reached XP level 5. HP: 26/38 MP: 2/9
  3200 | D:2      | Learned a level 2 spell: Song of Slaying
  3299 | D:2      | Reached skill level 3 in Charms
  3321 | D:2      | Became a worshipper of Hepliaklqana the Forgotten
  3379 | D:2      | Found a transporter.
  3500 | D:2      | Found a glowing golden altar of the Shining One.
  3649 | D:2      | Found a transporter.
  3680 | D:2      | Found a sacrificial altar of Ru.
  3815 | D:2      | Reached skill level 1 in Hexes
  4240 | D:3      | Reached skill level 3 in Spellcasting
  4291 | D:3      | Found a transporter.
  4391 | D:3      | Learned a level 2 spell: Blink
  4437 | D:4      | Reached XP level 6. HP: 41/41 MP: 4/10
  4531 | D:4      | Reached skill level 3 in Fighting
  4717 | D:4      | Noticed a sky beast
  4726 | D:4      | Killed a sky beast
  4726 | D:4      | Reached skill level 5 in Polearms
  4726 | D:4      | Reached XP level 7. HP: 33/46 MP: 4/11
  4800 | D:4      | Noticed Grinder
  4800 | D:4      | Paralysed by Grinder for 4 turns
  4828 | D:4      | Paralysed by Grinder for 4 turns
  4845 | D:4      | Killed Grinder
  4845 | D:4      | Reached skill level 5 in Spellcasting
  4994 | D:4      | Noticed Blork the orc
  5016 | D:4      | Killed Blork the orc
  5311 | D:4      | Noticed Eustachio
  5323 | D:4      | Killed Eustachio
  5323 | D:4      | Reached skill level 6 in Polearms
  5472 | D:4      | Reached skill level 2 in Dodging
  5757 | D:4      | Found a staircase to the Ecumenical Temple.
  5761 | D:4      | Reached XP level 8. HP: 52/52 MP: 8/15
  5901 | D:5      | Entered Level 5 of the Dungeon
  5933 | D:5      | Reached * piety under Hepliaklqana
  5970 | D:5      | Found a snail-covered altar of Cheibriados.
  6057 | D:5      | Reached skill level 3 in Dodging
  6536 | D:5      | Reached skill level 6 in Spellcasting
  6750 | D:5      | Reached skill level 4 in Charms
  7291 | D:3      | Found a sparkling altar of Nemelex Xobeh.
  7338 | D:3      | Found a transporter.
  7474 | D:5      | Learned a level 3 spell: Mephitic Cloud
  7489 | D:6      | Found a deep blue altar of Sif Muna.
  7508 | D:6      | Reached skill level 1 in Translocations
  7513 | D:6      | Learned a level 3 spell: Conjure Flame
  7524 | D:6      | Found a sparkling altar of Nemelex Xobeh.
  7781 | D:6      | Found an iron altar of Okawaru.
  7807 | D:6      | Reached skill level 1 in Conjurations
  8303 | D:7      | Noticed Prince Ribbit
  8304 | D:7      | Reached skill level 7 in Spellcasting
  8672 | D:7      | Reached skill level 8 in Spellcasting
  8676 | D:7      | Reached XP level 9. HP: 54/56 MP: 11/21
  8698 | D:7      | Reached ** piety under Hepliaklqana
  8699 | D:7      | Remembered your ancestor Cihuaton as a hexer
  8775 | D:7      | Reached skill level 2 in Conjurations
  8850 | D:7      | Learned a level 2 spell: Swiftness
  9096 | D:7      | Reached skill level 4 in Dodging
  9267 | D:7      | Killed Prince Ribbit
  9267 | D:7      | Reached skill level 5 in Dodging
  9546 | D:8      | Noticed minicreteconcrete's ghost (novice GrFi)
  9751 | D:8      | Noticed Erica
  9759 | D:8      | Noticed a two-headed ogre
  9767 | D:8      | Killed Erica
  9767 | D:8      | Reached skill level 6 in Dodging
  9856 | D:8      | Killed a two-headed ogre
  9856 | D:8      | Reached skill level 7 in Dodging
 10043 | D:8      | Noticed a two-headed ogre
 10130 | D:7      | Reached XP level 10. HP: 56/63 MP: 16/22
 11223 | D:7      | Reached skill level 7 in Polearms
 11371 | D:8      | Found an opulent altar of Gozag.
 11916 | D:8      | Killed a two-headed ogre
 11916 | D:8      | Reached skill level 8 in Polearms
 13235 | D:9      | Found a shattered altar of Ashenzari.
 13242 | D:9      | Reached skill level 9 in Polearms
 13305 | D:9      | Reached skill level 4 in Fighting
 13554 | D:9      | Reached skill level 5 in Fighting
 13695 | D:9      | Reached *** piety under Hepliaklqana
 13766 | D:9      | Noticed Grum
 13770 | D:9      | Noticed a two-headed ogre
 13776 | D:9      | Killed Grum
 13787 | D:9      | Killed a two-headed ogre
 13787 | D:9      | Reached skill level 6 in Fighting
 13787 | D:9      | Reached XP level 11. HP: 56/74 MP: 14/23
 14062 | D:9      | Found a staircase to the Lair.
 14231 | Lair:1   | Entered Level 1 of the Lair of Beasts
 14378 | Lair:1   | Reached skill level 7 in Fighting
 14504 | Lair:1   | Found a frozen archway.
 14621 | IceCv    | Entered an ice cave
 14629 | IceCv    | Reached skill level 8 in Dodging
 14985 | IceCv    | Reached skill level 9 in Dodging
 15871 | IceCv    | Learned a level 1 spell: Shock
 16048 | IceCv    | Learned a level 1 spell: Magic Dart
 16981 | IceCv    | Reached skill level 10 in Polearms
 17297 | IceCv    | Noticed a frost giant
 17666 | IceCv    | Got a shimmering great sword
 17682 | IceCv    | Noticed Borgoz's ghost (journeyman HOFi)
 17696 | IceCv    | Killed Borgoz's ghost
 17900 | IceCv    | Reached XP level 12. HP: 72/81 MP: 21/24
 18542 | Lair:1   | Reached skill level 11 in Polearms
 19208 | Lair:1   | Reached **** piety under Hepliaklqana
 19396 | Lair:1   | Noticed a four-headed hydra
 19407 | Lair:1   | Killed a four-headed hydra
 19578 | Lair:2   | Reached skill level 9 in Spellcasting
 19620 | Lair:2   | Noticed sponge's ghost (journeyman TrEE)
 20528 | D:10     | Entered Level 10 of the Dungeon
 20614 | D:10     | Identified the +9 great sword of the Disturbing Princes {slice, -Tele +Inv rN+++ Int+5} (You found it in an ice cave)
 20668 | D:10     | Reached skill level 10 in Spellcasting
 20682 | D:10     | Reached skill level 1 in Stealth
 20719 | D:10     | Noticed a two-headed ogre
 20727 | D:10     | Killed a two-headed ogre
 20727 | D:10     | Reached skill level 2 in Stealth
 20873 | D:10     | Found a staircase to the Orcish Mines.
 21036 | D:10     | Reached skill level 3 in Stealth
 21259 | D:10     | Reached skill level 1 in Armour
 21295 | Orc:1    | Entered Level 1 of the Orcish Mines
 21295 | Orc:1    | Noticed Urug
 21458 | D:11     | Learned a level 1 spell: Animate Skeleton
 21592 | D:11     | Noticed a two-headed ogre
 21604 | D:11     | Killed a two-headed ogre
 21827 | D:11     | Found Erisaat's Armour Boutique.
 21846 | D:11     | Bought a +0 pair of gloves for 67 gold pieces
 22196 | Lair:1   | Reached skill level 12 in Polearms
 22369 | Lair:2   | Got a faintly glowing trident
 22426 | Lair:2   | Reached skill level 2 in Armour
 22452 | Lair:2   | Found a staircase to the Snake Pit.
 22471 | Lair:2   | Noticed a six-headed hydra
 22472 | Lair:2   | Identified the cursed +0 trident of Torreew {distort, MR+} (You found it on level 2 of the Lair of Beasts)
 22697 | D:12     | Reached ***** piety under Hepliaklqana
 23142 | D:12     | Noticed Kirke
 23361 | D:11     | Reached skill level 8 in Fighting
 23409 | D:12     | Reached skill level 3 in Armour
 25554 | D:10     | Found a staircase to the Orcish Mines.
 25645 | D:10     | Reached skill level 1 in Invocations
 25788 | D:10     | Gained mutation: You are in touch with the powers of death. [Mummy growth]
 25788 | D:10     | Reached XP level 13. HP: 88/88 MP: 27/27
 25885 | D:10     | Reached skill level 2 in Invocations
 26560 | Lair:2   | Reached skill level 3 in Invocations
 27060 | Lair:2   | Killed from afar by sponge's ghost

Vault maps used:
D:1:      dpeg_arrival_orchard, minmay_vboxes
D:2:      gammafunk_temple_overflow_arena, tso_metal_star,
          nicolae_ru_the_path_less_chosen
D:3:      gammafunk_wand_slinger, first_bread, nemelex_dance_club_becter,
          uniq_natasha
D:4:      minmay_temple_entry_nine_rooms, uniq_grinder, uniq_eustachio,
          uniq_blork_the_orc
D:5:      basic_altar
D:6:      old_standard_altar, lemuel_crystal_altar,
          nemelex_xobeh_ov_fountains_minmay, corexii_hall_statues_x
D:7:      uniq_prince_ribbit1
D:8:      nicolae_gozag_seed_capital, uniq_erica
D:9:      overflow_temple_1_default, erik_lair_island, uniq_grum
D:11:     serial_shops, nicolae_shop_temple_entry_statues_fountains
D:12:     david_nohive_1, uniq_kirke
Lair:1:   portal_ice_cave_entry_pillars_1, serial_bayou_pond_b,
          serial_bayou_lake_a, infiniplex_staircase_pool
Lair:2:   minmay_snake_entry_guardpost_medium, serial_forest,
          infiniplex_forest_clump_small, infiniplex_forest_pool,
          infiniplex_forest_end_1, infiniplex_forest_lined_1,
          infiniplex_forest_straight_5, infiniplex_forest_straight_5,
          infiniplex_forest_straight_2, infiniplex_staircase_pool_2
Orc:1:    serial_shops, nicolae_shop_crystal, uniq_urug, uniq_snorg,
          uniq_erolcha
IceCv:    ice_cave_small_giant

Skill      XL: |  1  2  3  4  5  6  7  8  9 10 11 12 13 |
---------------+----------------------------------------+-----
Polearms       | 2 3 4 5 6 9 10 12 | 12.0
Charms         | 3 4 |  4.0
Hexes          | 1 |  1.0
Spellcasting   | 3 5 8 10 | 10.0
Fighting       | 3 6 7 8 |  8.2
Dodging        | 2 3 7 9 |  9.0
Translocations | 1 |  1.2
Conjurations   | 1 2 |  2.2
Stealth        | 3 |  3.0
Armour         | 3 |  3.0
Invocations    | 1 3 |  3.5

Action                   |  1- 3 |  4- 6 |  7- 9 | 10-12 | 13-15 || total
-------------------------+-------+-------+-------+-------+-------++-------
Melee: Spear             |   146 |   140 |   322 |   104 |       ||   712
       Trident           |       |       |       |   539 |    70 ||   609
       Halberd           |       |       |       |   343 |       ||   343
       Great sword       |       |       |       |     2 |       ||     2
Throw: Stone             |    29 |     2 |     9 |    36 |     4 ||    80
 Cast: Infusion          |    14 |    12 |     6 |    47 |     6 ||    85
       Shroud of Golubri |    23 |    26 |    27 |    79 |     7 ||   162
       Spectral Weapon   |       |     9 |    30 |    99 |    13 ||   151
       Song of Slaying   |       |     1 |       |     1 |       ||     2
       Mephitic Cloud    |       |       |    15 |    25 |     3 ||    43
       Blink             |       |       |     1 |    18 |       ||    19
       Conjure Flame     |       |       |     1 |     2 |       ||     3
       Swiftness         |       |       |       |    10 |     1 ||    11
       Shock             |       |       |       |    31 |       ||    31
       Magic Dart        |       |       |       |    40 |       ||    40
Invok: Recall Ancestor   |       |     2 |     2 |    11 |       ||    15
       Ancestor Identity |       |       |     1 |       |       ||     1
       Ancestor Life: He |       |       |     1 |       |       ||     1
       Transference      |       |       |       |     1 |       ||     1
       Idealise          |       |       |       |       |     2 ||     2
 Abil: Evoke Flight      |       |       |       |     7 |       ||     7
       Stop Flying       |       |       |       |     3 |       ||     3
Evoke: Wand              |       |       |       |    10 |     1 ||    11
  Use: Scroll            |     5 |     1 |     2 |    15 |       ||    23
 Stab: Distracted        |       |       |     4 |     9 |     1 ||    14
       Confused          |       |       |     3 |    26 |     3 ||    32
       Betrayed ally     |       |       |       |     1 |       ||     1
       Sleeping          |       |       |       |     3 |       ||     3
Armor: Leather armour    |    29 |    19 |     8 |       |       ||    56
       Ring mail         |       |       |     7 |   164 |     3 ||   174
       Robe              |       |       |     9 |    11 |       ||    20
Dodge: Dodged            |    60 |    34 |    97 |   470 |    10 ||   671
Block: Other             |       |       |       |     3 |       ||     3
